 Dungeon Crawl Stone Soup version 0.21.1-1-g345015f (webtiles) character file.

21 Kairos the Shield-Bearer (level 3, 29/29 HPs)
             Began as a Formicid Fighter on Apr 5, 2018.
             Got out of the dungeon alive.
             The game lasted 00:00:46 (526 turns).

Kairos the Shield-Bearer (Formicid Fighter)          Turns: 526, Time: 00:00:47

Health: 29/29      AC:  4    Str: 20    XL:     3   Next: 5%
Magic:  3/3        EV:  8    Int:  7    God:
Gold:   21         SH:  9    Dex: 11    Spells: 2/2 levels left

rFire    . . .     SeeInvis +   a - +0 war axe
rCold    . . .     Gourm    .   c - +0 shield
rNeg     . . .     Faith    .   b - +0 scale mail
rPois    .         Spirit   .   (helmet unavailable)
rElec    .         Reflect  .   (no cloak)
rCorr    .         Harm     +   (no gloves)
MR       .....                  (no boots)
Stlth    ..........             i - amulet of harm
HPRegen  0.09/turn              n - -2 ring of protection (curse)
MPRegen  0.08/turn              (no ring)

@: no status effects
A: permanent stasis, dig shafts and tunnels, four strong arms, antennae 3
a: Dig, Shaft Self


You escaped.
You were not hungry.

You visited 1 branch of the dungeon, and saw 1 of its levels.

You collected 21 gold pieces.

Inventory:

Hand Weapons
 a - a +0 war axe (weapon)
Armour
 b - a +0 scale mail (worn)
 c - a +0 shield (worn)
Jewellery
 i - an amulet of harm (around neck)
 n - a cursed -2 ring of protection (left hand)
Scrolls
 e - 2 scrolls of remove curse {unknown}
 g - a scroll of immolation {unknown}
 k - a scroll of fear {unknown}
 l - a scroll of identify {unknown}
Potions
 d - a potion of might
 h - a potion of haste {unknown}
 j - a potion of mutation {unknown}
 m - a potion of heal wounds {unknown}
Comestibles
 f - 2 rations


   Skills:
 + Level 3.5 Fighting
 + Level 2.1 Axes
 + Level 3.5 Armour
 + Level 0.4 Dodging
 + Level 4.1 Shields


You had 2 spell levels left.
You didn't know any spells.

Dungeon Overview and Level Annotations

Branches:
Dungeon (1/15)

Altars:


Innate Abilities, Weirdness & Mutations

You cannot be hasted, slowed, berserked, paralysed or teleported.
You can dig through walls and to a lower floor.
Your four strong arms can wield two-handed weapons with a shield.
You have a pair of large antennae on your head. (SInv)


Message History

You closely miss the bat. The bat closely misses you.
The bat hits you but does no damage.
A bat is nearby!
A bat is nearby!
You closely miss the bat. The bat closely misses you.
The bat completely misses you. The bat hits you but does no damage.
You hit the bat.
You kill the bat!
No target in view!
You open the door.
There is an open door here.
There is an open door here.
Found 20 arrows.
n - a tubular golden ring Oops, that ring feels deathly cold.
n - a cursed -2 ring of protection (left hand)
There is a staircase leading out of the dungeon here.
Are you sure you want to leave the Dungeon?
This will make you lose the game!
You have escaped!

...##.#.....#...#...#.....#.#
...##.#..#...#..#..#...#....#
..........#..#..#..#..#.....#
...........#..#.#.#..#......#
###.....#...#.#.#.#.#...#..(#
###....##..#.#.#.#..##....#
#......##.#...#.##......#
#(.......#.....#........#
#..######...@...######..#
#........#.....#........###.
#......##.#...#.##..........
#....##..#.#.#.#..##.......#
#...#...#.#.#.#.#...#.......
#......#..#.#.#..#........#.
#.....#..#..#..#..#.........
#....#...#..#..#...#.....#.#
#.....)#...#...#...........


There were no monsters in sight!

Vanquished Creatures
  A dart slug (D:1)
  A leopard gecko (D:1)
  2 giant cockroaches (D:1)
  2 goblins (D:1)
  A hobgoblin (D:1)
  5 bats (D:1)
  3 kobolds (D:1)
  4 rats (D:1)
19 creatures vanquished.

Notes
Turn   | Place    | Note
-------+----------+-------------------------------------------
     0 | D:1      | Kairos the Formicid Fighter began the quest for the Orb.
     0 | D:1      | Reached XP level 1. HP: 18/18 MP: 1/1
    36 | D:1      | Reached skill level 4 in Shields
    57 | D:1      | Reached XP level 2. HP: 19/24 MP: 2/2
   418 | D:1      | Reached XP level 3. HP: 29/29 MP: 3/3
   526 | D:$      | Got out of the dungeon alive.

Skill      XL: |  1 |
---------------+----+-----
Shields        | 4 |  4.1
Fighting       | |  3.5
Axes           | |  2.1
Armour         | |  3.5
Dodging        | |  0.4

Action                   || total
-------------------------++-------
Melee: War axe           ||    62
Armor: Scale mail        ||    31
Dodge: Dodged            ||    28
Block: Shield            ||    43
